 Dungeon Crawl Stone Soup version 0.14-a0-3563-g07d0f32 (webtiles) character file.

357 Duskembrace the Chiller (level 5, -1/28 HPs)
             Began as a Deep Elf Ice Elementalist on Mar 29, 2014.
             Was an Initiate of Sif Muna.
             Slain by a gnoll
             ... wielding a +2,+5 halberd of protection
              (15 damage)
             ... on Level 5 of the Dungeon.
             The game lasted 00:15:22 (3306 turns).

Duskembrace the Chiller (Deep Elf Ice Elementalist) Turns: 3306, Time: 00:15:22

HP  -1/28        AC  3     Str  6      XL: 5   Next: 33%
MP   3/16        EV 13     Int 20      God: Sif Muna [......]
Gold 177         SH  0     Dex 15      Spells:  4 memorised,  2 levels left

rFire  . . .     SeeInvis .     y - +1,+2 falchion (flame)
rCold  . . .     Clarity  +     a - +0 robe
rNeg   . . .     Conserve .     (no shield)
rPois  .         rCorr    .     (no helmet)
rElec  .         rRot     .     i - +0 cloak
SustAb . .       Spirit   .     (no gloves)
rMut   .         Warding  .     (no boots)
Saprov . . .     Stasis   .     k - amulet of clarity
MR     .....                    (no ring)
                                (no ring)

@: very slightly contaminated, not resistant to hostile enchantments, fairly
stealthy
A: no striking features
a: Renounce Religion


You were on level 5 of the Dungeon.
You worshipped Sif Muna.
Sif Muna was noncommittal.
You were near starving.

You visited 2 branches of the dungeon, and saw 6 of its levels.

You collected 177 gold pieces.

Inventory:

Hand weapons
 j - a +0,+0 whip
 y - a +1,+2 falchion of flaming (weapon)
Armour
 a - a +0 robe (worn)
 i - a +0 cloak (worn)
 D - a -2 pair of gloves
Magical devices
 t - a wand of confusion (23) {unknown}
 v - a wand of draining (9) {unknown}
Comestibles
 c - 2 bread rations
 h - a choko
 m - an apple
 A - a meat ration
Scrolls
 d - a scroll of random uselessness {unknown}
 f - 2 scrolls of identify
 z - 2 scrolls of remove curse
 B - a scroll of enchant weapon I {unknown}
Jewellery
 e - an uncursed amulet of faith {unknown}
 k - an amulet of clarity (around neck)
 q - an uncursed amulet of guardian spirit {unknown}
Potions
 g - a potion of agility {unknown}
 l - a potion of confusion {unknown}
 o - 2 potions of haste {unknown}
 r - a potion of curing {unknown}
 s - a potion of heal wounds {unknown}
 u - a potion of paralysis {unknown}
 C - a potion of flight {unknown}
Books
 b - a book of Frost

   Spells                             Type                      Level
   *Freeze                            Ice                          1
   *Throw Frost                       Conjuration/Ice              2
   Ozocubu's Armour                   Charms/Ice                   3
   Throw Icicle                       Conjuration/Ice              4
   *Summon Ice Beast                  Ice/Summoning                4
   Condensation Shield                Ice                          4
 n - a book of Callings

   Spells                             Type                      Level
   Summon Small Mammal                Summoning                    1
   *Call Imp                          Summoning                    2
   Call Canine Familiar               Summoning                    3
   Summon Guardian Golem              Hexes/Summoning              4
   Summon Lightning Spire             Summoning/Air                4
   *Summon Ice Beast                  Ice/Summoning                4


   Skills:
 - Level 2.4 Dodging
 - Level 2.4 Stealth
 + Level 3.5 Spellcasting
 + Level 1.2 Conjurations
 + Level 0.7 Summonings
 + Level 6.3 Ice Magic


You had 2 spell levels left.
You knew the following spells:

 Your Spells              Type           Power        Failure   Level  Hunger
a - Freeze                Ice            ####         1%          1    None
b - Throw Frost           Conj/Ice       ###...       4%          2    ##.....
c - Summon Ice Beast      Ice/Summ       ###.....     38%         4    ####...
d - Call Imp              Summ           #.......     17%         2    ##.....


Dungeon Overview and Level Annotations

Branches:
Dungeon (5/15)             Temple (1/1) D:4

Altars:
Ashenzari
Cheibriados
Dithmenos
Elyvilon
Kikubaaqudgha
Makhleb
Okawaru
Sif Muna
Vehumet
Xom
Yredelemnul
Zin

Annotations:
D:3 nht's ghost, average LOTm


Message History

Casting: Summon Ice Beast
Confirm with . or Enter, or press ? or * to list all spells.
You miscast Summon Ice Beast.
Distant voices call out to you!
The orc wizard points at you and mumbles some strange words.
The magic dart hits you!
The orc wizard's eyes start to glow. 2 gnolls come into view.
Casting: Summon Ice Beast
Confirm with . or Enter, or press ? or * to list all spells.
A chill wind blows around you.
You are near starving!
A gnoll and an orc come into view.
The tomahawk hits your crimson imp. The tomahawk misses your crimson imp.
A tomahawk appears from out of your range of vision.
Your ice beast hits the gnoll.
Your ice beast freezes the gnoll!
The tomahawk misses your crimson imp.
The gnoll hits you from afar with a runed halberd!
Ouch! That really hurt!
You die...

#..........#
..#####..#######.
#.# #..........
#..######## #
#.........# #.
#.#######..
#.#####.####
#..........##
.###..@........###
#......?I.5.........
#####.###g#.....###
#. #o#..#.## #
#..5.#.# ##g..#.#
.:.. #o#.#. .#.#.


You could see an orc wizard, 2 gnolls, a friendly ice beast and a friendly
crimson imp.

Vanquished Creatures
  An ogre (D:4)
  4 adders
  A giant gecko (D:1)
  An ooze (D:3)
  2 orcs (D:3)
  11 bats
  A giant cockroach (D:3)
  11 hobgoblins
  7 kobolds
  8 goblins
  10 rats
57 creatures vanquished.

Vanquished Creatures (collateral kills)
  A giant frog zombie (D:5)
  A kobold (D:4)
2 creatures vanquished.

Vanquished Creatures (others)
  A crimson imp (D:4)
  A shadow imp (D:4)
2 creatures vanquished.

Grand Total: 61 creatures vanquished

Notes
Turn   | Place    | Note
--------------------------------------------------------------
     0 | D:1      | Duskembrace, the Deep Elf Ice Elementalist, began the quest for the Orb.
     0 | D:1      | Reached XP level 1. HP: 10/10 MP: 5/5
   338 | D:1      | Reached skill level 4 in Ice Magic
   338 | D:1      | Reached XP level 2. HP: 15/15 MP: 4/8
   447 | D:1      | Learned a level 2 spell: Throw Frost
   882 | D:2      | Reached XP level 3. HP: 19/19 MP: 7/10
  1082 | D:2      | Reached skill level 5 in Ice Magic
  1671 | D:3      | Reached XP level 4. HP: 24/24 MP: 11/13
  1724 | D:3      | Learned a level 4 spell: Summon Ice Beast
  2000 | D:3      | Noticed nht's ghost (average LOTm)
  2361 | D:4      | Found a staircase to the Ecumenical Temple.
  2372 | Temple   | Entered the Ecumenical Temple
  2427 | Temple   | Became a worshipper of Sif Muna the Loreminder
  2547 | D:4      | Learned a level 2 spell: Call Imp
  2561 | D:4      | Noticed an ogre
  2592 | D:4      | Killed an ogre
  2592 | D:4      | Reached skill level 6 in Ice Magic
  2592 | D:4      | Reached XP level 5. HP: 28/28 MP: 1/16
  2828 | D:4      | Found a basalt altar of Yredelemnul.
  3114 | D:5      | Entered Level 5 of the Dungeon
  3306 | D:5      | Slain by a gnoll

Action                   |  1- 3 |  4- 6 || total
-------------------------+-------+-------++-------
Melee: Unarmed           |     3 |     3 ||     6
       Falchion          |       |    11 ||    11
 Cast: Freeze            |    55 |    22 ||    77
       Throw Frost       |     2 |     3 ||     5
       Call Imp          |       |     7 ||     7
       Summon Ice Beast  |       |     2 ||     2
  Use: Scroll            |       |     6 ||     6
